 Dungeon Crawl Stone Soup version 0.26.0-45-g9c1d065592 (webtiles) character file.

Game seed: 10254257859895154604

(classic levelgen) 20477 thiole the Zephyrmancer (level 12, -39/81 HPs)
             Began as an Octopode Venom Mage on Jan 29, 2021.
             Was an Initiate of Gozag.
             Annihilated by an enormous slime creature (83 damage)
             ... on level 11 of the Dungeon.
             The game lasted 01:04:58 (19773 turns).

thiole the Zephyrmancer (Octopode Venom Mage)      Turns: 19773, Time: 01:04:58

Health: -39/81     AC:  3    Str: 14    XL:     12   Next: 79%
Magic:  22/33      EV: 14    Int: 21    God:    Gozag
Gold:   2301       SH:  7    Dex: 13    Spells: 5/27 levels left

rFire    . . .     SeeInvis .   o - staff of conjuration
rCold    . . .     Faith    .   K - +2 buckler
rNeg     + + .     Spirit   .   T - +2 hat
rPois    .         Reflect  .   h - amulet of regeneration
rElec    .         Harm     .   c - ring of resist corrosion
rCorr    +         Rampage  .   k - +6 ring of strength
Will     .....                  D - ring of flight
Stlth    ++++......             G - ring of magical power
HPRegen  0.63/turn              a - ring of positive energy
MPRegen  0.23/turn              M - ring of positive energy
                                (no ring)
                                (no ring)

@: no status effects
A: almost no armour, stealthy swim, amphibious, 8 rings, constrict 8, camouflage
1, gelatinous body 1
a: Renounce Religion, Evoke Flight, Potion Petition, Call Merchant, Bribe Branch


You were on level 11 of the Dungeon.
You worshipped Gozag.
Gozag was most pleased with you.
You visited 3 branches of the dungeon, and saw 14 of its levels.
You also visited: Sewer and Ossuary.

You collected 5003 gold pieces.
You spent 2645 gold pieces at shops.
You paid 57 gold pieces to Gozag.

Inventory:

Missiles
 m - 110 sling bullets
 O - 3 datura-tipped darts
Armour
 K - a +2 buckler (worn)
 T - a +2 hat (worn)
Magical Staves
 o - an uncursed staff of conjuration (weapon)
 q - an uncursed staff of cold
 S - an uncursed staff of fire
Jewellery
 a - a ring of positive energy (on tentacle)
 c - a ring of resist corrosion (left tentacle)
 h - an amulet of regeneration (around mantle)
 j - an uncursed amulet of the acrobat
 k - a +6 ring of strength (right tentacle)
 D - a ring of flight (on tentacle)
 G - a ring of magical power (on tentacle)
 L - an uncursed amulet of reflection
 M - a ring of positive energy (on tentacle)
Wands
 g - a wand of random effects (49)
 u - a wand of acid (4)
 w - a wand of flame (10)
 z - a wand of disintegration (20)
 N - a wand of enslavement (6)
 Q - a wand of iceblast (11)
Scrolls
 e - 4 scrolls of magic mapping
 i - 3 scrolls of random uselessness
 l - 4 scrolls of fog
 p - 4 scrolls of teleportation
 s - 2 scrolls of amnesia {unknown}
 v - a scroll of silence {unknown}
 y - 4 scrolls of remove curse
 A - 2 scrolls of enchant armour
 B - a scroll of summoning {unknown}
 F - 2 scrolls of enchant weapon
 I - a scroll of vulnerability {unknown}
 V - a scroll of identify
Potions
 b - 2 potions of brilliance
 f - 2 potions of attraction
 r - 2 potions of lignification
 t - a potion of invisibility
 x - 3 potions of curing
 C - 4 potions of haste
 E - 2 potions of ambrosia
 H - a potion of resistance
 P - 2 potions of might
 R - a potion of berserk rage
Miscellaneous
 J - a lightning rod (4/4)
 U - a condenser vane


   Skills:
 - Level 7.0 Fighting
 + Level 3.6 Dodging
 - Level 5.0 Stealth
 - Level 4.0 Shields
 - Level 8.0 Spellcasting
 - Level 6.0 Conjurations
 - Level 5.0 Summonings
 - Level 7.0 Transmutations
 - Level 6.0 Fire Magic
 - Level 7.0 Ice Magic
 - Level 9.0 Air Magic
 - Level 5.0 Poison Magic


You had 5 spell levels left.
You knew the following spells:

 Your Spells              Type           Power        Failure   Level
a - Sting                 Tmut/Pois      100%         1%          1
b - Ignite Poison         Fire/Tmut/Pois 33%          1%          3
c - Mephitic Cloud        Conj/Pois/Air  53%          1%          3
d - Olgreb's Toxic Radia  Pois           29%          10%         4
e - Poisonous Vapours     Pois/Air       74%          1%          2
f - Frozen Ramparts       Ice            74%          1%          3
g - Apportation           Tloc           16%          8%          1
h - Summon Ice Beast      Ice/Summ       33%          7%          4
i - Sandblast             Erth           16%          8%          1

Your spell library contained the following spells:

 Spells                   Type           Power        Failure   Level
 Freeze                   Ice            100%         1%          1
 Summon Small Mammal      Summ           100%         1%          1
 Static Discharge         Conj/Air       56%          1%          3
 Passwall                 Tmut/Erth      19%          2%          2
 Ice Form                 Ice/Tmut       37%          4%          4
 Hailstorm                Conj/Ice       52%          5%          4
 Stone Arrow              Conj/Erth      62%          7%          3
 Animate Skeleton         Necr           16%          8%          1
 Corona                   Hex            8%           8%          1
 Lightning Bolt           Conj/Air       28%          10%         5
 Petrify                  Tmut/Erth      23%          19%         4
 Metabolic Englaciation   Hex/Ice        11%          45%         5
 Lee's Rapid Deconstruct  Erth           4%           91%         5
 Ignition                 Fire           16%          100%        8
 Shatter                  Erth           4%           100%        9
 Tornado                  Air            23%          100%        9


Dungeon Overview and Level Annotations

Branches:
Dungeon (11/15)            Temple (1/1) D:4            Lair (0/6) D:10
    Orc (2/2) D:10            Elf (0/3) Orc:2         Sewer (visited)
Ossuary (visited)

Altars:
Ashenzari
Cheibriados
Dithmenos
Elyvilon
Fedhas
Gozag
Hepliaklqana
Kikubaaqudgha
Makhleb
Nemelex Xobeh
Okawaru
Qazlal
Ru
Sif Muna
Trog
Uskayaw
Vehumet
Wu Jian
Xom
Yredelemnul
Zin
The Shining One
Beogh

Shops:
D:8 *   D:11 [   Orc:2 [}:?

Annotations:
D:3 3 runed translucent doors, hatsuma's ghost, amateur DgWr


Innate Abilities, Weirdness & Mutations

You cannot wear most types of armour.
You are very stealthy in the water. (Stealth+)
You are amphibious.
You can wear up to eight rings at the same time.
You can use your tentacles to constrict eight enemies at once.
Your skin changes colour to match your surroundings (Stealth+).
Your rubbery body absorbs attacks. (AC +1, EV +1)


Message History

A large slime creature splits.
You hit the enormous slime creature.
You squeeze the enormous slime creature!
The enormous slime creature is heavily wounded.
The slime creature is engulfed in blazing flames.
You block the slime creature's attack.
The slime creature is engulfed in blazing flames.
The slime creature hits you! The enormous slime creature misses you.
The centaur zombie is engulfed in blazing flames.
You hit the enormous slime creature.
The enormous slime creature is heavily wounded.
The centaur zombie is engulfed in blazing flames.
The slime creature is engulfed in blazing flames.
The slime creature hits you.
The slime creature is engulfed in blazing flames.
The slime creature barely misses you.
The enormous slime creature hits you!!!!
Ouch! That really hurt!
You die...
Your body crumbles into a pile of gold.

##.#########.....####
#.........###........
#..######.# #...##### #..#
#.# ##.## #..#### #.# #.#
#.....# #.# ##'##
#.###.###.###...##
#..^......##.....##
####@.#####.......##
##.#####JJJ####.........##
....Z...☼Z°.............'.
#..#####☼○°###..........##
#.....# #.#.......##
#.#...# #.##.....##
#....## #.###..<##
##.#.####.####+##
#.#.........#.#


You could see an enormous slime creature, 2 slime creatures and a centaur
zombie.

Vanquished Creatures
  4 ogre magi (Orc:2)
  2 two-headed ogres
  An orc high priest (Orc:2)
  Nergalle (Orc:2)
  An unseen horror (D:10)
  An orc knight (Orc:1)
  8 orc sorcerers
  A manticore (D:11)
  A komodo dragon (D:10)
  A troll (Orc:1)
  Grinder (D:5)
  A shadow (D:11)
  2 wraiths (Ossuary)
  4 wyverns (D:10)
  11 yaks
  3 wargs
  An acid dragon (D:10)
  4 water moccasins
  3 sky beasts
  9 orc warriors
  2 black bears
  A necrophage (D:9)
  9 ogres
  7 centaurs
  A phantom (D:5)
  2 big kobolds
  6 bullfrogs
  3 gnoll sergeants (D:7)
  A water moccasin zombie (D:8)
  A scorpion (D:7)
  5 killer bees (D:7)
  8 wights
  7 howler monkeys
  A bullfrog zombie (D:7)
  A quasit (D:10)
  Crazy Yiuf (D:2)
  2 gnoll shamans (D:7)
  9 hounds
  23 orc wizards
  A centaur skeleton (D:10)
  16 orc priests
  3 bullfrog skeletons
  Ijyb (D:4)
  Jessica (D:2)
  7 worker ants
  4 iguanas
  A killer bee zombie (D:7)
  13 gnolls (D:7)
  A howler monkey skeleton (D:7)
  14 adders
  4 shadow imps
  2 white imps
  An ufetubus (D:6)
  4 oozes
  An adder zombie (D:8)
  2 worms (D:4)
  3 dart slugs
  6 leopard geckos
  62 orcs
  A ball python (D:4)
  5 bats
  7 giant cockroaches
  3 goblins (D:2)
  3 hobgoblins (D:1)
  20 jackals
  2 quokkas
  2 ball python skeletons (Ossuary)
  7 frilled lizards
  2 hobgoblin zombies (Ossuary)
  22 kobolds
  A kobold zombie (Ossuary)
  A leopard gecko skeleton (D:4)
  An orc skeleton (Ossuary)
  3 orc zombies (Ossuary)
  11 rats
388 creatures vanquished.

Vanquished Creatures (others)
  2 plants (D:9)
2 creatures vanquished.

Grand Total: 390 creatures vanquished

Notes
Turn   | Place    | Note
-------+----------+-------------------------------------------
     0 | D:1      | thiole the Octopode Venom Mage began the quest for the Orb.
     0 | D:1      | Reached XP level 1. HP: 11/11 MP: 3/3
   135 | D:1      | Reached XP level 2. HP: 17/17 MP: 1/5
   715 | D:1      | Reached skill level 5 in Poison Magic
   715 | D:1      | Reached XP level 3. HP: 14/21 MP: 3/6
  1689 | D:2      | Found a bloodstained altar of Trog.
  1689 | D:2      | Found a burning altar of Makhleb.
  1689 | D:2      | Found a glowing golden altar of the Shining One.
  1689 | D:2      | Found a broken altar of Ashenzari.
  1689 | D:2      | Found a snail-covered altar of Cheibriados.
  1689 | D:2      | Found a shimmering altar of Xom.
  1698 | D:2      | Reached XP level 4. HP: 26/27 MP: 0/8
  2278 | D:2      | Noticed Jessica
  2286 | D:2      | Killed Jessica
  2287 | D:2      | Reached XP level 5. HP: 29/32 MP: 2/11
  2475 | D:2      | Found a hide-covered altar of Uskayaw.
  2531 | D:2      | Found a runed translucent door.
  2532 | D:2      | Noticed Crazy Yiuf
  2546 | D:2      | Killed Crazy Yiuf
  2547 | D:2      | Reached skill level 1 in Fighting
  2895 | D:3      | Found an ornate altar of the Wu Jian Council.
  3318 | D:3      | Learned a level 3 spell: Ignite Poison
  3322 | D:3      | Learned a level 3 spell: Mephitic Cloud
  3437 | D:3      | Found a runed translucent gate.
  3437 | D:3      | Found a runed translucent gate.
  3437 | D:3      | Found a runed translucent gate.
  3721 | D:3      | Noticed hatsuma's ghost (amateur DgWr)
  3900 | D:4      | Reached skill level 1 in Conjurations
  3900 | D:4      | Reached skill level 1 in Fire Magic
  3900 | D:4      | Reached XP level 6. HP: 34/39 MP: 5/12
  4003 | D:4      | Found a glowing drain.
  4043 | Sewer    | Entered a sewer
  4219 | Sewer    | Noticed a water moccasin
  4229 | Sewer    | Killed a water moccasin
  4230 | Sewer    | Reached skill level 2 in Air Magic
  4230 | Sewer    | Reached XP level 7. HP: 13/45 MP: 4/13
  4388 | D:4      | Learned a level 4 spell: Olgreb's Toxic Radiance
  4429 | D:4      | Noticed Ijyb
  4679 | D:4      | Found a stormy altar of Qazlal.
  4681 | D:4      | Noticed a fire elemental
  4682 | D:4      | Noticed an air elemental
  4682 | D:4      | Noticed a water elemental
  4692 | D:4      | Killed Ijyb
  4857 | D:4      | Found a staircase to the Ecumenical Temple.
  4924 | Temple   | Entered the Ecumenical Temple
  5007 | Temple   | Became a worshipper of Gozag Ym Sagoz the Greedy
  5708 | D:5      | Entered Level 5 of the Dungeon
  5725 | D:5      | Noticed Grinder
  5728 | D:5      | Paralysed by Grinder for 7 turns
  6101 | D:6      | Found a sand-covered staircase.
  6110 | Ossuary  | Entered an ossuary
  6221 | Ossuary  | Noticed a flying skull
  6221 | Ossuary  | Noticed a wraith
  6239 | Ossuary  | Reached XP level 8. HP: 49/54 MP: 12/14
  6255 | Ossuary  | Noticed a flying skull
  6261 | Ossuary  | Noticed a wraith
  6266 | Ossuary  | Killed a wraith
  6267 | Ossuary  | Reached skill level 5 in Spellcasting
  6318 | Ossuary  | Noticed a flying skull
  6319 | Ossuary  | Noticed a flying skull
  6349 | Ossuary  | Reached skill level 3 in Air Magic
  6403 | Ossuary  | Noticed a wraith
  6407 | Ossuary  | Killed a wraith
  6408 | Ossuary  | Reached skill level 4 in Air Magic
  6702 | D:7      | Reached skill level 5 in Air Magic
  6950 | D:6      | Reached skill level 6 in Air Magic
  7028 | D:7      | Reached skill level 7 in Air Magic
  7028 | D:7      | Reached XP level 9. HP: 26/58 MP: 8/16
  7402 | D:7      | Learned a level 2 spell: Poisonous Vapours
  7619 | D:7      | Reached skill level 8 in Air Magic
  7811 | D:7      | Identified the +4 spear "Widowmaker" {venom, Dex+2}
  8638 | D:7      | Found an iron altar of Okawaru.
  8744 | D:7      | Found a glowing golden altar of the Shining One.
  8750 | D:7      | Found a blossoming altar of Fedhas.
  9016 | D:8      | Reached skill level 9 in Air Magic
  9348 | D:8      | Reached skill level 5 in Fighting
  9535 | D:8      | Found Efiory's Elemental Accessories.
  9613 | D:8      | Bought Sif Muna's Handbook of the Frostbite for 475 gold
                  | pieces
  9613 | D:8      | Bought a lightning rod (4/4) for 390 gold pieces
  9848 | D:8      | Reached skill level 1 in Shields
 10024 | D:9      | Reached XP level 10. HP: 68/68 MP: 17/17
 10173 | D:9      | Noticed a two-headed ogre
 10181 | D:9      | Killed a two-headed ogre
 10741 | D:9      | Found a hazy altar of Hepliaklqana.
 11308 | D:10     | Entered Level 10 of the Dungeon
 11441 | D:5      | Reached skill level 1 in Ice Magic
 11941 | D:5      | Killed Grinder
 13176 | D:9      | Learned a level 3 spell: Frozen Ramparts
 13218 | D:10     | Found a staircase to the Orcish Mines.
 13235 | Orc:1    | Entered Level 1 of the Orcish Mines
 13256 | Orc:1    | Noticed an orc sorcerer
 13260 | Orc:1    | Reached skill level 1 in Summonings
 13261 | Orc:1    | Noticed an orange demon
 13261 | Orc:1    | Killed an orc sorcerer
 13862 | Orc:1    | Noticed an orc sorcerer
 13872 | Orc:1    | Killed an orc sorcerer
 13873 | Orc:1    | Reached skill level 5 in Ice Magic
 14052 | Orc:2    | Entered Level 2 of the Orcish Mines
 14142 | Orc:2    | Noticed an orc knight
 14142 | Orc:2    | Noticed an orc high priest
 14150 | Orc:1    | Reached XP level 11. HP: 66/72 MP: 20/21
 14215 | Orc:2    | Noticed an orc sorcerer
 14219 | Orc:2    | Killed an orc high priest
 14219 | Orc:2    | Killed an orc sorcerer
 14220 | Orc:2    | Reached skill level 5 in Summonings
 14360 | Orc:1    | Killed an orc knight
 14869 | Orc:2    | Found a staircase to the Elven Halls.
 14905 | Orc:2    | Reached skill level 5 in Stealth
 15248 | Orc:2    | Noticed an ogre mage
 15254 | Orc:2    | Killed an ogre mage
 15254 | Orc:2    | Noticed an orc sorcerer
 15470 | Orc:2    | Killed an orc sorcerer
 15471 | Orc:2    | Reached skill level 5 in Transmutations
 15515 | Orc:2    | Found a radiant altar of Vehumet.
 15516 | Orc:2    | Noticed an orc sorcerer
 15516 | Orc:2    | Noticed an ogre mage
 15518 | Orc:2    | Paralysed by an orc sorcerer for 4 turns
 15523 | Orc:2    | Killed an ogre mage
 15523 | Orc:2    | Killed an orc sorcerer
 15618 | Orc:2    | Found Juubuma's Magic Scroll Boutique.
 15718 | Orc:2    | Found an ancient bone altar of Kikubaaqudgha.
 15718 | Orc:2    | Noticed Nergalle
 15719 | Orc:2    | Noticed an orc sorcerer
 15722 | Orc:2    | Killed an orc sorcerer
 15723 | Orc:2    | Killed Nergalle
 15835 | Orc:2    | Noticed an orc sorcerer
 15835 | Orc:2    | Noticed an orc sorcerer
 15835 | Orc:2    | Noticed an ogre mage
 15839 | Orc:2    | Killed an orc sorcerer
 15839 | Orc:2    | Killed an orc sorcerer
 15839 | Orc:2    | Killed an ogre mage
 15840 | Orc:2    | Reached skill level 5 in Fire Magic
 15840 | Orc:2    | Reached XP level 12. HP: 63/79 MP: 16/22
 15841 | Orc:2    | Found a roughly hewn altar of Beogh.
 15841 | Orc:2    | Noticed an ogre mage
 15841 | Orc:2    | Found Astud's Gadget Shop.
 15992 | Orc:2    | Found Cil Nyall's Book Boutique.
 15998 | Orc:2    | Killed an ogre mage
 16112 | Orc:2    | Found Keij's Antique Armour Shop.
 16150 | Orc:2    | Bought a condenser vane for 520 gold pieces
 16404 | Orc:2    | Found a roughly hewn altar of Beogh.
 16577 | Orc:2    | Learned a level 1 spell: Apportation
 16582 | Orc:2    | Learned a level 4 spell: Summon Ice Beast
 16584 | Orc:2    | Learned a level 1 spell: Sandblast
 16593 | Orc:2    | Identified a scroll of acquirement
 16594 | Orc:2    | Acquired 1199 gold pieces
 17172 | Orc:2    | Bought a book of the Tempests for 1260 gold pieces
 17243 | D:10     | Found the +6 lightning scales {run, rElec}
 18157 | D:10     | Reached skill level 5 in Conjurations
 18848 | D:10     | Found a staircase to the Lair.
 19223 | D:11     | Found Girrim's Armour Boutique.
 19583 | D:11     | Noticed a two-headed ogre
 19588 | D:11     | Killed a two-headed ogre
 19773 | D:11     | Annihilated by an enormous slime creature

Illustrated notes

Levels and vault maps discovered:
D:1:      minmay_arrival_arboretum_small, layout_basic
D:2:      cheibrodos_pilgrimage, layout_rooms, doesnt_xom_only_xom,
          marbit_many_paths, grunt_ministairs_15, uniq_jessica,
          uniq_crazy_yiuf_cottage
D:3:      layout_loops_ring, overflow_temple_1_default, gammafunk_ghost_icy,
          guppyfry_early_lair_pool
D:4:      layout_basic, nicolae_qazlal_style_of_elements,
          lemuel_temple_firewalk_b, cheibrodos_sewer_entry_drain,
          minmay_checkerbox, uniq_ijyb
D:5:      kennysheep_big_flooded_room, layout_cave_pools, uniq_grinder
D:6:      layout_rooms, nicolae_ossuary_entry_ruins
D:7:      layout_cave_pools, minmay_overflow_temple_star_quad,
          serial_gnoll_camp, gnoll_camp_huts_basic, gnoll_camp_mini_house,
          gnoll_camp_mini_hut, gnoll_camp_mini_hut
D:8:      layout_basic, hex_tiny, nicolae_elemental_shop
D:9:      minmay_weird_star, layout_cave_pods, lemuel_round_altar,
          kennysheep_generic_room_3
D:10:     layout_roguey, erik_lair_dragon, minmay_fractal_squares_5
D:11:     layout_loops_corners, serial_shops,
          nicolae_shop_competitors_out_of_business, uniq_grum
Temple:   nicolae_temple_great_sept
Orc:1:    layout_caves
Orc:2:    kennysheep_orc_mage_school, layout_caves, basic_altar

Skill      XL: |  1  2  3  4  5  6  7  8  9 10 11 12 |
---------------+-------------------------------------+-----
Poison Magic   | 4 5 |  5.0
Spellcasting   | 4 5 7 8 |  8.0
Fighting       | 2 4 6 7 |  7.0
Conjurations   | 1 2 3 6 |  6.0
Fire Magic     | 1 2 3 5 6 |  6.0
Transmutations | 2 7 |  7.0
Air Magic      | 2 7 9 |  9.0
Shields        | 3 4 |  4.0
Ice Magic      | 5 7 |  7.0
Summonings     | 3 5 |  5.0
Stealth        | 5 |  5.0
Dodging        | 3 |  3.6

Action                   |  1- 3 |  4- 6 |  7- 9 | 10-12 || total
-------------------------+-------+-------+-------+-------++-------
Melee: Unarmed           |    21 |    19 |     5 |       ||    45
       Tentacles         |     5 |     2 |    25 |    24 ||    56
       Constrict         |     7 |     6 |    33 |    18 ||    64
       Staff             |       |       |    98 |   108 ||   206
 Cast: Sting             |    61 |   105 |   103 |    62 ||   331
       Ignite Poison     |       |     1 |    37 |   114 ||   152
       Mephitic Cloud    |       |       |    19 |    34 ||    53
       Olgreb's Toxic Ra |       |       |    31 |    92 ||   123
       Frozen Ramparts   |       |       |       |     5 ||     5
Evoke: Wand              |       |       |       |     5 ||     5
  Use: Potion            |       |     6 |     1 |     3 ||    10
       Scroll            |       |     7 |     3 |    18 ||    28
 Stab: Sleeping          |       |     2 |     5 |       ||     7
       Confused          |       |       |     2 |     1 ||     3
       Distracted        |       |       |       |     1 ||     1
Armor: Skin              |     4 |     3 |    12 |    13 ||    32
Dodge: Dodged            |    30 |    54 |   120 |   108 ||   312
Block: Buckler           |       |       |     3 |    48 ||    51
